 Dungeon Crawl Stone Soup version 0.26.1-11-gd32895ea62 (webtiles) character file.

Game seed: 13702544619527819438

687 diana the Skirmisher (level 7, 0/56 HPs)
             Began as a Demonspawn Gladiator on Apr 13, 2021.
             Shot with an arrow by a centaur (2 damage)
             ... on level 4 of the Dungeon.
             The game lasted 00:06:08 (4596 turns).

diana the Skirmisher (Demonspawn Gladiator)         Turns: 4596, Time: 00:06:09

Health: 0/56       AC:  6    Str: 17    XL:     7   Next: 35%
Magic:  7/7        EV: 17    Int: 17    God:
Gold:   165        SH:  0    Dex: 14    Spells: 6/6 levels left

rFire    . . .     SeeInvis .   a - +1 long sword
rCold    + . .     Faith    .   (no shield)
rNeg     . . .     Spirit   .   b - +0 leather armour
rPois    .         Reflect  .   c - +0 helmet
rElec    .         Harm     .   j - +0 cloak (curse)
rCorr    .         Rampage  .   (no gloves)
Will     .....                  (no boots)
Stlth    +.........             (no amulet)
HPRegen  0.18/turn              g - +6 ring of intelligence
MPRegen  0.10/turn              i - +4 ring of evasion

@: no status effects
A: hooves 1, rugged brown scales 1, clever 1, cold resistance 1, powered by pain
1, freezing cloud immunity
a: no special abilities


You were on level 4 of the Dungeon.
You visited 1 branch of the dungeon, and saw 4 of its levels.

You collected 165 gold pieces.

Inventory:

Hand Weapons
 a - a +1 long sword (weapon)
Missiles
 d - 2 throwing nets (quivered)
Armour
 b - a +0 leather armour (worn)
 c - a +0 helmet (worn)
 j - a cursed +0 cloak (worn)
Jewellery
 g - a +6 ring of intelligence (left hand)
 i - a +4 ring of evasion (right hand)
 m - an uncursed ring of protection from cold {unknown}
 p - an uncursed ring of magical power
Scrolls
 e - 3 scrolls of enchant weapon
 h - 7 scrolls of identify {unknown}
 k - a scroll of amnesia {unknown}
 n - a scroll of fog {unknown}
 q - a scroll of teleportation {unknown}
 r - 2 scrolls of remove curse {unknown}
 t - a scroll of immolation {unknown}
Potions
 u - a potion of might {unknown}
 v - a potion of invisibility {unknown}


   Skills:
 * Level 4.9 Fighting
 + Level 4.0 Long Blades
 - Level 1.7 Throwing
 * Level 4.1 Armour
 + Level 4.0 Dodging


You had 6 spell levels left.
You didn't know any spells.
Your spell library was empty.

Dungeon Overview and Level Annotations

Branches:
Dungeon (4/15)
 Temple: D:4-7

Altars:
Elyvilon
Qazlal

Annotations:
D:4 Pikel


Innate Abilities, Weirdness & Mutations

You are partially covered in rugged brown scales. (AC +1, +3% HP)
Your flesh is cold resistant. (rC+)
You sometimes gain a little power by taking damage.
You are immune to freezing clouds.
You have large cloven feet.
Your mind is acute. (Int +2)


Message History

The centaur shoots an arrow.
The arrow barely misses you.
The centaur shoots an arrow.
The arrow hits you but does no damage.
You see here 2 arrows.
The centaur shoots an arrow.
The arrow hits you.
* * * LOW HITPOINT WARNING * * *
You see here an arrow.
The centaur shoots an arrow.
The arrow completely misses you.
The centaur shoots an arrow.
The arrow hits you.
* * * LOW HITPOINT WARNING * * *
A worker ant comes into view.
You see here an arrow.
The centaur shoots an arrow.
The arrow hits you but does no damage.
You see here an arrow.
The centaur shoots an arrow.
The arrow completely misses you.
You see here an arrow.
The centaur shoots an arrow.
The arrow hits you!
* * * LOW HITPOINT WARNING * * *
You see here an arrow.
The centaur shoots an arrow.
The arrow hits you.
You die...

.....#### #.# .#. #.##....
#.##...... ..# ....$
#?..[... #......... ..#
#...# #####.##
#.###..#.....# #...# #(c(.c5
...# ..#.... #...# #(##.#K
...#
..?.....#####...######.##.#.
...#
........[.........cK...##.#.
...#
...#####..........(.......
...# #.@((((.......##.#.
<..# ####...######......
...# #(..# ####.#. ####
#B..# ..... #...# #.#.#.
#...# #.#.#5 #.... # #...
...###


You could see a centaur.

Vanquished Creatures
  Sigmund (D:4)
  Menkaure (D:4)
  2 hounds
  An orc priest (D:3)
  An orc wizard (D:3)
  Natasha (thrice) (D:3)
  2 worker ants
  Robin (D:2)
  A howler monkey skeleton (D:4)
  4 adders
  2 oozes
  3 worms
  An orc (D:3)
  3 ball pythons
  3 giant cockroaches
  14 hobgoblins
  11 jackals
  3 kobolds
  2 quokkas
  A ball python skeleton (D:4)
  6 bats
  6 frilled lizards
  15 goblins
  A quokka skeleton (D:4)
  10 rats
98 creatures vanquished.

Notes
Turn   | Place    | Note
-------+----------+-------------------------------------------
     0 | D:1      | diana the Demonspawn Gladiator began the quest for the Orb.
     0 | D:1      | Reached XP level 1. HP: 16/16 MP: 1/1
   391 | D:1      | Gained mutation: Your flesh is cold resistant. (rC+)
                  | [demonic ancestry]
   391 | D:1      | Reached XP level 2. HP: 22/22 MP: 2/2
   460 | D:1      | Reached skill level 1 in Armour
   782 | D:1      | Reached XP level 3. HP: 28/28 MP: 3/3
  1439 | D:2      | Found a white marble altar of Elyvilon.
  1439 | D:2      | Noticed Robin
  1852 | D:2      | Reached XP level 4. HP: 28/34 MP: 4/4
  2429 | D:2      | Killed Robin
  3148 | D:3      | Noticed Natasha
  3158 | D:3      | Killed Natasha
  3159 | D:3      | Gained mutation: You sometimes gain a little power by
                  | taking damage. [demonic ancestry]
  3159 | D:3      | Reached XP level 5. HP: 28/41 MP: 5/5
  3335 | D:3      | Noticed Natasha
  3352 | D:3      | Killed Natasha
  3673 | D:3      | Noticed Natasha
  3823 | D:3      | Killed Natasha
  3824 | D:3      | Gained mutation: You are partially covered in rugged brown
                  | scales. (AC +1, +3% HP) [demonic ancestry]
  3824 | D:3      | Reached XP level 6. HP: 16/49 MP: 6/6
  4137 | D:3      | Found a stormy altar of Qazlal.
  4287 | D:4      | Noticed Sigmund
  4297 | D:4      | Killed Sigmund
  4479 | D:4      | Gained mutation: You are immune to freezing clouds.
                  | [demonic ancestry]
  4479 | D:4      | Reached XP level 7. HP: 24/56 MP: 7/7
  4529 | D:4      | Noticed Menkaure
  4533 | D:4      | Gained mutation: Your mind is acute. (Int +2) [potion of
                  | mutation]
  4533 | D:4      | Gained mutation: You have large cloven feet. [potion of
                  | mutation]
  4548 | D:4      | Killed Menkaure
  4566 | D:4      | Noticed Pikel
  4595 | D:4      | HP: 2/56 [centaur/arrow (10)]
  4596 | D:4      | Shot with an arrow by a centaur

Illustrated notes

Levels and vault maps discovered:
D:1:      dpeg_arrival_stonehenge_8_columns, layout_basic,
          minmay_misc_feat_rugged
D:2:      layout_basic, grunt_ministairs_15, elyvilon_altar_5, uniq_robin,
          uniq_jessica
D:3:      layout_basic, grunt_qazlal_sundering, uniq_natasha
D:4:      layout_loops_cross, enter_ossuary_4, minmay_ogre_servants,
          uniq_menkaure, uniq_sigmund, uniq_pikel

Skill      XL: |  1  2  3  4  5  6  7 |
---------------+----------------------+-----
Armour         | 1 2 3 4 |  4.1
Dodging        | 3 4 |  4.0
Long Blades    | 3 4 |  4.0
Fighting       | 3 4 |  4.9
Throwing       | |  1.7

Action                   |  1- 3 |  4- 6 |  7- 9 || total
-------------------------+-------+-------+-------++-------
Melee: Long sword        |    97 |   211 |    19 ||   327
       Kick              |       |       |     2 ||     2
Throw: Throwing net      |       |     2 |       ||     2
  Use: Potion            |       |     1 |     4 ||     5
       Scroll            |       |       |     1 ||     1
Armor: Leather armour    |    25 |    28 |     8 ||    61
Dodge: Dodged            |   104 |   193 |    31 ||   328
       Rpst.: Long sword |    33 |    60 |    10 ||   103
